 Dungeon Crawl Stone Soup version 0.30.1-3-gfc49f6343a (webtiles) character file.

Game seed: 15347233884977189584

239862 javelincjr the Warrior (level 18, -24/156 (157) HPs)
             Began as a Demonspawn Fighter on July 24, 2023.
             Was the Champion of Qazlal.
             Killed from afar by Azrael (47 damage)
             ... with damnation
             ... on level 2 of the Elven Halls on July 25, 2023.
             The game lasted 02:47:46 (26560 turns).

javelincjr the Warrior (Demonspawn Fighter)        Turns: 26560, Time: 02:47:46

HP:   -24/156 (157) AC: 32    Str: 22    XL:     18   Next: 60%
MP:   30/30         EV: 11    Int: 10    God:    Qazlal [******]
Gold: 3491          SH: 31    Dex: 15    Spells: 17/17 levels left

rFire   . . .        D - +5 hand axe (pain)
rCold   . . .        c - +2 kite shield {AC+3}
rNeg    + . .        f - +3 plate armour {rN+}
rPois   .            M - +2 helmet {SInv}
rElec   .            m - +2 cloak {rCorr}
rCorr   +            U - +1 pair of gloves
SInv    +            (boots unavailable)
Will    ++...        b - amulet of Vitality {RegenMP++ Regen++} Stlth
                     q - +4 ring of slaying
HPRegen 2.06/turn    o - ring of willpower
MPRegen 1.24/turn

%: repel missiles
@: studying Shields, lightly drained
A: hooves 3, large bone plates 3, ignite blood 3, augmentation 2, magic
regeneration
}: 2/15 runes: decaying, serpentine
a: Renounce Religion, Upheaval, Elemental Force, Disaster Area


You were on level 2 of the Elven Halls.
You worshipped Qazlal.
Qazlal was exalted by your worship.
You visited 6 branches of the dungeon, and saw 29 of its levels.
You also visited: Sewer.

You collected 4232 gold pieces.
You spent 741 gold pieces at shops.

Inventory:

Hand Weapons
 g - a +6 spectral battleaxe
 D - a +5 hand axe of pain (weapon)
 K - a +0 antimagic shortbow
 L - a +2 trident of freezing
 N - a +1 vampiric trident
Missiles
 A - 66 poisoned darts (quivered)
 J - 10 boomerangs of dispersal
 O - 3 curare-tipped darts
Armour
 c - a +2 kite shield of protection (worn)
 f - a +3 plate armour of positive energy (worn)
 m - a +2 cloak of preservation (worn)
 E - a scarf of resistance
 H - a +4 plate armour
 M - a +2 helmet of see invisible (worn)
 P - a +2 robe of fire resistance
 Q - +0 acid dragon scales
 U - a +1 pair of gloves (worn)
Jewellery
 b - the amulet of Vitality (around neck) {RegenMP++ Regen++}
   (You acquired it on level 11 of the Dungeon)

   [amulet of magic regeneration]

   It increases your rate of magic regeneration.
   Regen:     It increases your rate of health regeneration.
 o - a ring of willpower (right hand)
 q - a +4 ring of slaying (left hand)
 t - a ring of see invisible
 B - a ring of resist corrosion
 V - a ring of wizardry
Wands
 r - a wand of iceblast (47)
 F - a wand of mindburst (19)
 I - a wand of light (10)
 S - a wand of digging (12)
 T - a wand of flame (67)
 W - a wand of polymorph (8)
 X - a wand of paralysis (10)
Scrolls
 e - 10 scrolls of identify
 h - 7 scrolls of amnesia
 i - 3 scrolls of fog
 k - a scroll of silence
 n - 9 scrolls of vulnerability
 s - a scroll of torment
 u - 4 scrolls of magic mapping
 w - 4 scrolls of poison
 x - 4 scrolls of immolation
 y - 3 scrolls of blinking
 G - 2 scrolls of fear
 R - 11 scrolls of teleportation
Potions
 a - 2 potions of cancellation
 d - 7 potions of might
 j - 2 potions of resistance
 l - 3 potions of lignification
 p - 2 potions of magic
 v - 3 potions of berserk rage
 z - 12 potions of curing
 C - 8 potions of flight
 Y - 6 potions of ambrosia
 Z - a potion of haste


   Skills:
 * Level 18.2 Fighting
 * Level 15.8 Axes
 - Level 2.5 Staves
 + Level 14.9 Armour
 + Level 11.8 Dodging
 - Level 13.1 Shields
 + Level 16.4 Invocations


You had 17 spell levels left.
You didn't know any spells.
Your spell library contained the following spells:

 Spells                   Type           Power      Damage    Failure   Level
 Beastly Appendage        Tmut           0%         N/A       99%         1
 Freeze                   Ice            0%         1d3       99%         1
 Magic Dart               Conj           0%         1d3       99%         1
 Shock                    Conj/Air       0%         1d3       99%         1
 Call Imp                 Summ           0%         N/A       100%        2
 Ensorcelled Hibernation  Hex/Ice        0%         N/A       100%        2
 Passwall                 Tmut/Erth      0%         N/A       100%        2
 Sublimation of Blood     Necr           0%         N/A       100%        2
 Wereblood                Tmut           0%         N/A       100%        2
 Frozen Ramparts          Ice            0%         1d1       100%        3
 Hailstorm                Conj/Ice       0%         3d3       100%        3
 Mephitic Cloud           Conj/Pois/Air  0%         N/A       100%        3
 Spider Form              Tmut/Pois      0%         N/A       100%        3
 Swiftness                Air            0%         N/A       100%        3
 Airstrike                Air            0%         2d(0-16)  100%        4
 Ice Form                 Ice/Tmut       0%         N/A       100%        4
 Petrify                  Tmut/Erth      0%         N/A       100%        4
 Summon Ice Beast         Ice/Summ       0%         N/A       100%        4
 Alistair's Intoxication  Tmut/Pois      0%         N/A       100%        5
 Borgnjor's Vile Clutch   Necr/Erth      0%         N/A       100%        5
 Irradiate                Conj/Tmut      0%         3d11      100%        5
 Iskenderun's Battlesphe  Conj           0%         2d6       100%        5
 Eringya's Noxious Bog    Tmut/Pois      0%         N/A       100%        6
 Iron Shot                Conj/Erth      0%         9d1       100%        6
 Simulacrum               Ice/Necr       0%         N/A       100%        6
 Ozocubu's Refrigeration  Ice            0%         4d7       100%        7
 Spellforged Servitor     Conj/Summ      0%         N/A       100%        7
 Polar Vortex             Ice            0%         N/A       100%        9


Dungeon Overview and Level Annotations

Branches:
Dungeon (12/15)            Temple (0/1) D:6            Lair (5/5) D:9
  Swamp (4/4) Lair:2        Snake (4/4) Lair:3        Slime (0/5) Lair:4
    Orc (2/2) D:9             Elf (2/3) Orc:2         Sewer (visited)

Altars:
Cheibriados
Makhleb
Qazlal
Uskayaw
Wu Jian

Shops:
D:2 (   D:6 **   D:7 *   D:8 [   D:10 =   Orc:2 *?[[   Snake:4 *

Portals:
Hell: Lair:5

Annotations:
Swamp:3 Roxanne
Elf:2 3 runed translucent doors, Azrael, Zenata


Innate Abilities, Weirdness & Mutations

You have hooves in place of feet.
You are completely covered in large bone plates. (SH +8)
Your demonic aura causes all spilled blood to erupt in flames.
Your magical and physical power is enhanced at high health.
You regenerate magic rapidly.


Message History

Azrael gestures at you.
The fireball explodes!
The fireball engulfs you!!
The fireball engulfs Azrael.
Azrael completely resists.
You hit Azrael but do no damage. You kick Azrael.
Azrael is severely wounded.
Zenata sends weapons flying into battle!
Azrael gestures at you. You block the sticky flame.
You completely miss Azrael. You kick Azrael!
Azrael is severely wounded.
Azrael gestures at you. The bolt of fire misses you. Azrael gestures at you.
The sphere of damnation explodes!
The damnation engulfs you!!!
* * * LOW HITPOINT WARNING * * *
Activating: Elemental Force (0% risk of failure)
Press: ? - help, Dir - look around, f - activate Clouds arounds you coalesce and take form!
Zenata gestures at you while chanting.
A blast of power from the earth strikes you!
* * * LOW HITPOINT WARNING * * *
Unknown command.
Your air elemental hits Azrael.
Your fire elemental hits Azrael.
Your air elemental hits Azrael!
Your air elemental hits Azrael but does no damage.
Azrael gestures at your air elemental.
The sphere of damnation explodes!
The damnation engulfs your air elemental!!!
Your air elemental is destroyed!
Your air elemental disappears in a puff of smoke!
The damnation engulfs Azrael.
Azrael completely resists.
The damnation engulfs your fire elemental!!
Your fire elemental hits Azrael.
Your fire elemental barely misses Azrael.
Azrael hits your fire elemental with a +3 scimitar of flaming!
Your fire elemental is destroyed!
Your fire elemental disappears in a puff of smoke!
Azrael gestures at you.
The sphere of damnation explodes!
The damnation engulfs you!!!
You die...

##.......##.## #.#
#........#.## #.#
##.........# #.#
##......#.## ##.##
##.....##.## ##...#
##..#####.###.#.##
#### #..§....#
#.....### #.@○..#
#.☼°..# . #.○...#
... ##.###.#
.e.Ee####.°(##.###
.$eeha°○R..........
...Ee####§..##.####
... ##.### # .
####..


You could see Azrael.

Vanquished Creatures
  Mara (Snake:2)
  Mlioglotl (Swamp:2)
  Frances (D:12)
  Kirke (D:12)
  3 thorn hunters
  Donald (Snake:1)
  A nagaraja (Snake:4)
  3 fenstrider witches
  Aizul (Snake:1)
  2 ghouls (Swamp:4)
  2 eleionomae
  8 bunyips
  A dire elephant (Lair:5)
  Josephine (D:11)
  Fannar (D:12)
  2 shambling mangroves (Swamp:4)
  A salamander tyrant (Snake:4)
  2 ghost crabs
  21 hydras
  20 anacondas
  A centaur warrior (D:12)
  7 two-headed ogres
  11 dancing weapons
  9 alligators
  2 boulder beetles (D:12)
  15 naga warriors
  12 death yaks
  3 naga sharpshooters
  4 deep elf knights (Elf:1)
  3 orc high priests (Orc:2)
  6 shock serpents
  3 goliath frogs
  A sixfirhy (Lair:5)
  9 salamander mystics
  A fire crab (Lair:4)
  2 skysharks (Lair:5)
  7 spriggan druids
  11 swamp dragons
  Lodul (D:11)
  8 bog bodies
  11 naga ritualists
  5 deep elf archers (Elf:1)
  5 lindwurms (Snake:4)
  A spectral hydra (Lair:2)
  A necromancer (Swamp:2)
  3 orc sorcerers (Orc:2)
  5 orc knights
  15 deep elf zephyrmancers
  A manticore (D:9)
  A wizard (Lair:5)
  18 deep elf pyromancers
  12 salamanders
  6 will-o-the-wisps
  3 ugly things
  18 mana vipers
  3 cyclopes (D:12)
  9 elephants
  Maurice (D:12)
  38 black mambas
  11 guardian serpents
  8 naga magi
  A smoke demon (Lair:5)
  An orange demon (Lair:5)
  10 cane toads
  5 rime drakes
  3 unseen horrors
  A kobold demonologist (D:12)
  A spectral skyshark (Lair:2)
  7 komodo dragons
  2 ice devils (Lair:5)
  2 trolls
  2 red devils (Lair:5)
  A meliai (shapeshifter) (Elf:1)
  A queen bee (D:9)
  8 polar bears
  10 tyrant leeches
  4 hornets
  8 blink frogs (Lair:3)
  A dream sheep (Lair:5)
  Grinder (D:4)
  A slime creature (D:12)
  2 shadows
  An air elemental (Elf:1)
  7 spriggans
  6 wraiths
  4 wyverns
  32 yaks
  The ghost of HotCheetoh the Chopper, an amateur MiFi of Trog (D:3)
  2 fire bats (Lair:4)
  3 fire elementals
  4 hogs (D:12)
  3 steam dragons
  2 basilisks
  19 vampire mosquitoes
  A warg (Orc:2)
  44 nagas
  A spectral cane toad (Lair:2)
  16 swamp worms
  5 acid dragons
  15 water moccasins
  7 hell hounds
  9 swamp drakes
  An ice beast (D:7)
  A sky beast (D:6)
  20 orc warriors
  3 black bears
  13 wolves
  15 ogres
  13 centaurs
  Blork the orc (D:4)
  10 bullfrogs
  5 kobold brigands
  A gnoll sergeant (D:9)
  A spectral water moccasin (Lair:2)
  A scorpion (D:5)
  An earth elemental (Elf:2)
  10 wights (D:6)
  30 killer bees
  4 electric eels
  5 howler monkeys
  2 bullfrog zombies (D:3)
  5 hounds
  15 orc priests
  3 jellies
  A gnoll bouda (D:6)
  6 iguanas
  28 orc wizards
  Natasha (thrice) (D:3)
  11 hell rats
  Robin (D:4)
  6 gnolls
  15 adders
  4 river rats (Sewer)
  2 white imps
  4 worms
  66 orcs
  15 ball pythons
  14 bats
  4 endoplasms
  4 giant cockroaches
  18 goblins
  7 hobgoblins
  6 jackals (Sewer)
  32 kobolds
  3 quokkas
  2 frilled lizards (D:1)
  2 rats (D:1)
  3 spectral weapons
1036 creatures vanquished.

Vanquished Creatures (collateral kills)
  Asterion (Lair:3)
  A hydra (Lair:4)
  2 naga warriors (Snake:2)
  A naga sharpshooter (Snake:2)
  A salamander mystic (Snake:2)
  A goliath frog (Swamp:4)
  A mana viper (Snake:2)
  A salamander (Snake:2)
  A black mamba (Snake:2)
  A guardian serpent (Snake:2)
  A cane toad (Lair:4)
  3 nagas (Snake:2)
15 creatures vanquished.

Vanquished Creatures (others)
  2 deep elf knights (Elf:1)
  A deep elf zephyrmancer (Elf:1)
  A will-o-the-wisp (Swamp:1)
  7 bloated husks
  A spriggan (Swamp:3)
  A naga (Snake:1)
  A kobold (D:7)
  29 foxfires
  14 spectral weapons
57 creatures vanquished.

Grand Total: 1108 creatures vanquished

Notes
Turn   | Place    | Note
-------+----------+-------------------------------------------
     0 | D:1      | javelincjr the Demonspawn Fighter began the quest for the
                  | Orb.
     0 | D:1      | Reached XP level 1. HP: 18/18 MP: 1/1
   143 | D:1      | Gained mutation: You have large cloven feet. [demonic
                  | ancestry]
   143 | D:1      | Reached XP level 2. HP: 24/24 MP: 2/2
   237 | D:1      | Found a faded altar of an unknown god.
   244 | D:1      | Prayed at the altar of an unknown god.
   244 | D:1      | Became a worshipper of Qazlal Stormbringer
   244 | D:1      | Reached * piety under Qazlal
   635 | D:2      | Found Ashraxa's Weapon Emporium.
  1094 | D:3      | Reached XP level 3. HP: 29/29 MP: 3/3
  1100 | D:3      | Noticed Natasha
  1107 | D:3      | Killed Natasha
  1204 | D:3      | Noticed Natasha
  1209 | D:3      | Found a runed translucent gate.
  1209 | D:3      | Found a runed translucent gate.
  1209 | D:3      | Found a runed translucent gate.
  1209 | D:3      | Noticed HotCheetoh's ghost (amateur MiFi)
  1213 | D:3      | Killed Natasha
  1213 | D:3      | Reached ** piety under Qazlal
  1214 | D:3      | Reached skill level 1 in Invocations
  1214 | D:3      | Gained mutation: Your demonic aura sometimes causes spilled
                  | blood to erupt in flames. [demonic ancestry]
  1214 | D:3      | Reached XP level 4. HP: 36/36 MP: 4/4
  1319 | D:3      | Noticed Natasha
  1329 | D:3      | Killed Natasha
  1477 | D:3      | Found a hide-covered altar of Uskayaw.
  1477 | D:3      | Identified the +3 quarterstaff "Fiozuwn" {flame, rC+}
  1489 | D:3      | Found an ornate altar of the Wu Jian Council.
  1498 | D:3      | Noticed a water moccasin
  1502 | D:3      | Killed a water moccasin
  1503 | D:3      | Reached skill level 4 in Fighting
  1503 | D:3      | Reached skill level 1 in Dodging
  1503 | D:3      | Gained mutation: You are partially covered in large bone
                  | plates. (SH +4) [demonic ancestry]
  1503 | D:3      | Reached XP level 5. HP: 37/42 MP: 6/6
  1844 | D:3      | Killed HotCheetoh's ghost
  1845 | D:3      | Reached skill level 1 in Staves
  1845 | D:3      | Gained mutation: You are mostly covered in large bone
                  | plates. (SH +6) [demonic ancestry]
  1845 | D:3      | Reached XP level 6. HP: 15/49 MP: 7/7
  2000 | D:4      | Noticed Blork the orc
  2008 | D:4      | Gained mutation: You have hoof-like feet. [demonic
                  | ancestry]
  2008 | D:4      | Reached XP level 7. HP: 40/55 MP: 7/9
  2008 | D:4      | Noticed Grinder
  2015 | D:4      | Killed Blork the orc
  2016 | D:4      | Reached skill level 5 in Fighting
  2018 | D:4      | HP: 2/56 [Grinder/nerve-wracking pain (11)]
  2029 | D:4      | Killed Grinder
  2319 | D:4      | Noticed Robin
  2334 | D:4      | Killed Robin
  2334 | D:4      | Reached *** piety under Qazlal
  2382 | D:4      | Found a glowing drain.
  2391 | Sewer    | Entered a sewer
  2395 | Sewer    | Gained mutation: You regenerate magic rapidly. [demonic
                  | ancestry]
  2395 | Sewer    | Reached XP level 8. HP: 59/64 MP: 10/10
  2882 | Sewer    | Reached **** piety under Qazlal
  3267 | D:4      | Reached skill level 6 in Fighting
  3510 | D:5      | Entered Level 5 of the Dungeon
  3867 | D:5      | Identified the +3 leather armour of Lethrain {rC+ Str+3}
  4158 | D:5      | Reached skill level 5 in Invocations
  4810 | D:6      | Gained mutation: You have hooves in place of feet. [demonic
                  | ancestry]
  4810 | D:6      | Reached XP level 9. HP: 68/71 MP: 12/12
  4816 | D:6      | Reached skill level 7 in Fighting
  4929 | D:6      | Reached skill level 5 in Armour
  4933 | D:6      | Reached ***** piety under Qazlal
  4934 | D:6      | Reached skill level 5 in Shields
  5238 | D:6      | Found a staircase to the Ecumenical Temple.
  5343 | D:6      | Found Okyozez's Assorted Antiques.
  5535 | D:6      | Found Gobuetou's Gadget Gallery.
  5615 | D:7      | Found Ea-nāṣir's Fine Metal Goods.
  5620 | D:7      | Bought a shiny tower shield for 142 gold pieces
  5672 | D:7      | Reached skill level 5 in Axes
  5878 | D:7      | Reached skill level 8 in Fighting
  6010 | D:7      | Noticed a two-headed ogre
  6018 | D:7      | Killed a two-headed ogre
  6019 | D:7      | Reached XP level 10. HP: 75/82 MP: 13/15
  6532 | D:8      | Found Qirose's Antique Armour Emporium.
  6895 | D:8      | Found a transporter.
  6927 | D:8      | Found a transporter.
  7473 | D:9      | Reached skill level 9 in Fighting
  7473 | D:9      | Reached skill level 5 in Dodging
  8053 | D:9      | Found a staircase to the Orcish Mines.
  8064 | D:9      | Reached XP level 11. HP: 89/89 MP: 17/17
  8149 | D:9      | Reached ****** piety under Qazlal
  8237 | D:9      | Noticed a deep elf pyromancer
  8240 | D:9      | Killed a deep elf pyromancer
  8718 | D:9      | Found a staircase to the Lair.
  9005 | D:10     | Entered Level 10 of the Dungeon
  9005 | D:10     | Noticed a purple ugly thing
  9009 | D:10     | Killed a purple ugly thing
  9010 | D:10     | Reached skill level 10 in Fighting
  9169 | D:10     | Noticed a two-headed ogre
  9216 | D:10     | Killed a two-headed ogre
  9426 | D:10     | Noticed a two-headed ogre
  9429 | D:10     | Killed a two-headed ogre
  9441 | D:10     | Found Zydi Qadgh's Jewellery Shoppe.
  9980 | D:11     | Noticed a two-headed ogre
  9980 | D:11     | Noticed Lodul
  9986 | D:11     | Killed a two-headed ogre
 10132 | D:11     | Noticed a two-headed ogre
 10140 | D:11     | Killed a two-headed ogre
 10179 | D:11     | Noticed Josephine
 10181 | D:11     | Killed Lodul
 10328 | D:11     | Killed Josephine
 10329 | D:11     | Reached XP level 12. HP: 90/99 MP: 17/19
 10462 | D:11     | Noticed a two-headed ogre
 10468 | D:11     | Killed a two-headed ogre
 10469 | D:11     | Reached skill level 11 in Fighting
 10540 | D:11     | Identified a scroll of acquirement
 10540 | D:11     | Acquired a manual of Armour
 10701 | D:11     | Acquired a manual of Shields
 10703 | D:11     | Acquired 1111 gold pieces
 10705 | D:11     | Acquired the amulet of Vitality {RegenMP++ Regen++}
 10705 | D:11     | Found the amulet of Vitality {RegenMP++ Regen++}
 10990 | D:12     | Noticed a boulder beetle
 10998 | D:12     | Killed a boulder beetle
 11005 | D:12     | Noticed Kirke
 11028 | D:12     | Noticed a sphinx
 11102 | D:12     | Killed Kirke
 11190 | D:12     | Noticed Maurice
 11201 | D:12     | Killed Maurice
 11216 | D:12     | Noticed Fannar
 11222 | D:12     | Killed Fannar
 11223 | D:12     | Reached skill level 10 in Invocations
 11789 | D:12     | Noticed a boulder beetle
 11797 | D:12     | Killed a boulder beetle
 11814 | D:12     | Noticed Frances
 11823 | D:12     | Killed Frances
 11850 | D:12     | Noticed a centaur warrior
 11854 | D:12     | Killed a centaur warrior
 11861 | D:12     | Noticed a two-headed ogre
 11864 | D:12     | Reached skill level 12 in Fighting
 11864 | D:12     | Killed a two-headed ogre
 11865 | D:12     | Gained mutation: You are completely covered in large bone
                  | plates. (SH +8) [demonic ancestry]
 11865 | D:12     | Reached XP level 13. HP: 98/108 MP: 20/20
 12201 | Lair:1   | Entered Level 1 of the Lair of Beasts
 13071 | Lair:2   | Found a staircase to the Swamp.
 13987 | Lair:3   | Reached skill level 10 in Axes
 14099 | Lair:3   | Found a staircase to the Snake Pit.
 14418 | Lair:3   | Found a snail-covered altar of Cheibriados.
 14791 | Lair:4   | Reached skill level 13 in Fighting
 14910 | Lair:4   | Found a transporter.
 15063 | Lair:4   | Found a transporter.
 15104 | Lair:4   | Reached skill level 10 in Shields
 15109 | Lair:4   | Reached skill level 10 in Armour
 15135 | Lair:4   | You fall into a shaft and drop 1 floor!
 15135 | Lair:5   | Entered Level 5 of the Lair of Beasts
 15142 | Lair:5   | Gained mutation: Your demonic aura often causes spilled
                  | blood to erupt in flames. [demonic ancestry]
 15142 | Lair:5   | Reached XP level 14. HP: 112/118 MP: 22/22
 15841 | Lair:5   | Identified the +7 scimitar of Woe {drain, Str+5 Int+3}
 15911 | Lair:5   | Found a burning altar of Makhleb.
 15914 | Lair:5   | Reached skill level 14 in Fighting
 15931 | Lair:5   | Found a gateway to Hell.
 15938 | Lair:5   | Identified the +1 leather armour "Ypninem" {rC+ Int+2 SInv}
 16439 | Lair:4   | Found a staircase to the Slime Pits.
 17020 | Orc:1    | Entered Level 1 of the Orcish Mines
 17414 | Orc:2    | Entered Level 2 of the Orcish Mines
 17662 | Orc:2    | Found a staircase to the Elven Halls.
 17892 | Orc:2    | Gained mutation: Your magical and physical power is
                  | slightly enhanced at high health. [demonic ancestry]
 17892 | Orc:2    | Reached XP level 15. HP: 50/126 MP: 24/24
 17935 | Orc:2    | Found Fuohez's Assorted Antiques.
 17935 | Orc:2    | Found Qocexkux's Antique Armour Shop.
 17937 | Orc:2    | Found Atwaud's Magic Scroll Emporium.
 17937 | Orc:2    | Found Kooriam's Antique Armour Shop.
 17943 | Orc:2    | Bought a scroll of enchant armour for 172 gold pieces
 17946 | Orc:2    | Bought an embroidered cloak for 240 gold pieces
 18177 | Swamp:1  | Entered Level 1 of the Swamp
 18332 | Swamp:1  | Noticed a thorn hunter
 18346 | Swamp:1  | Killed a thorn hunter
 18917 | Swamp:2  | Noticed Mlioglotl
 18921 | Swamp:2  | Noticed a revenant
 18933 | Swamp:2  | Killed Mlioglotl
 19248 | Swamp:2  | Noticed a fenstrider witch
 19257 | Swamp:2  | Killed a fenstrider witch
 19258 | Swamp:2  | Reached skill level 15 in Fighting
 19965 | Swamp:3  | Noticed Roxanne
 20361 | Swamp:4  | Entered Level 4 of the Swamp
 20418 | Swamp:4  | Gained mutation: Your demonic aura causes all spilled blood
                  | to erupt in flames. [demonic ancestry]
 20418 | Swamp:4  | Reached XP level 16. HP: 136/136 MP: 26/26
 20635 | Swamp:4  | Noticed a thorn hunter
 20641 | Swamp:4  | Reached skill level 10 in Dodging
 20663 | Swamp:4  | Killed a thorn hunter
 20836 | Swamp:4  | Got a decaying rune of Zot
 21010 | Swamp:4  | Noticed a thorn hunter
 21019 | Swamp:4  | Killed a thorn hunter
 21473 | Snake:1  | Entered Level 1 of the Snake Pit
 21482 | Snake:1  | Reached skill level 16 in Fighting
 21483 | Snake:1  | Noticed Aizul
 21496 | Snake:1  | Noticed Asterion
 21500 | Snake:1  | Killed Aizul
 21505 | Lair:3   | Killed Asterion
 21931 | Snake:1  | Noticed Donald
 21943 | Snake:1  | Killed Donald
 22340 | Snake:2  | Reached XP level 17. HP: 28/145 MP: 26/28
 22450 | Snake:2  | Reached skill level 15 in Invocations
 23015 | Snake:3  | Noticed Mara
 23020 | Snake:3  | Noticed javelincjr's illusion
 23047 | Snake:2  | Noticed javelincjr's illusion
 23050 | Snake:2  | Killed Mara
 23191 | Snake:3  | Reached skill level 17 in Fighting
 23469 | Snake:3  | Identified the +0 leather armour of the Distant Future
                  | {*Slow rN++ rCorr}
 23643 | Snake:4  | Entered Level 4 of the Snake Pit
 23747 | Snake:4  | Identified the +0 chain mail of Beogh's Condemnation {rElec
                  | rPois rC+ Dex-5}
 24220 | Snake:4  | Found Nabb's Assorted Antiques.
 24247 | Snake:4  | Bought a scroll of blinking for 187 gold pieces
 24346 | Snake:4  | Reached skill level 15 in Axes
 24532 | Snake:4  | Gained mutation: Your magical and physical power is
                  | enhanced at high health. [demonic ancestry]
 24532 | Snake:4  | Reached XP level 18. HP: 130/155 MP: 29/29
 24645 | Snake:4  | Got a serpentine rune of Zot
 25386 | Elf:1    | Entered Level 1 of the Elven Halls
 25498 | Elf:1    | Reached skill level 18 in Fighting
 25951 | Elf:1    | Paralysed by an air elemental for 1 turns
 26486 | Elf:2    | Found a runed translucent gate.
 26491 | Elf:2    | Found a runed translucent gate.
 26491 | Elf:2    | Found a runed translucent gate.
 26536 | Elf:2    | Noticed Azrael
 26548 | Elf:2    | Noticed Zenata
 26560 | Elf:2    | Killed from afar by Azrael

Illustrated notes

Levels and vault maps discovered:
D:1:      dreamdust_arrival_sigmund_warning, layout_basic,
          shapermc_ecumenical_altar_notcrosses
D:2:      layout_rooms, serial_shops, shop, minmay_fountain_box
D:3:      layout_basic, nicolae_overflow_squiral, gammafunk_ghost_necromancy,
          uniq_natasha
D:4:      layout_cave_pools, portal_sewer_entry_d, uniq_grinder,
          uniq_blork_the_orc, uniq_robin
D:5:      layout_layer_cave
D:6:      layout_loops_ring, minmay_temple_entry_mist, serial_shops,
          nicolae_shop_behind_doors, nicolae_shop_gadgets
D:7:      layout_rooms, nicolae_ea-nasir_strikes_again,
          amcnicky_mini_rare_corridor_liquid
D:8:      gammafunk_steamed_eel, layout_loops_ring, serial_shops,
          nicolae_shop_peninsula, minmay_misc_feat_rugged
D:9:      layout_loops_corners, lair_entry_dummy, erik_orc_2, special_room
          [special_room_bee]
D:10:     layout_loops_cross, serial_shops, shop, serial_rivers,
          chequers_serial_rivers_micro_e, chequers_serial_rivers_marsh,
          chequers_serial_rivers_small_3, chequers_serial_rivers_small_3,
          minmay_misc_feat_x
D:11:     layout_big_octagon, uniq_josephine, uniq_lodul
D:12:     layout_loops_ring, minmay_increasing_density, uniq_maurice,
          uniq_frances, uniq_kirke, uniq_fannar
Lair:1:   layout_cave_pods
Lair:2:   layout_gridlike, nicolae_swamp_entry_spooky, st_stairs_3,
          beast_lair_carwin_6, infiniplex_staircase_pool_2
Lair:3:   layout_cave_pods, minmay_snake_entry_guardpost_medium, minivault_27,
          nicolae_quartered_pool_medium, lemuel_centaur_altar
Lair:4:   gammafunk_cloud_chamber, layout_regular_city, slime_entry_1,
          grunt_megastairs_3, infiniplex_staircase_pool, lemuel_fruit_tree
Lair:5:   evil_forest, layout_cave_pods, grunt_megastairs_4,
          serial_bayou_shore_b
Swamp:1:  layout_basic_swamp, evilmike_swamp_ruin_house_2
Swamp:2:  nicolae_swamp_standing_stones, layout_basic_swamp, serial_swamp_ruin,
          hangedman_swamp_ruin_hall, evilmike_swamp_ruin_house_3,
          hangedman_swamp_ruin_wall, swamp_pool5, uniq_mlioglotl
Swamp:3:  layout_falls_marsh, nicolae_swamp_little_tower, swamp_pool3,
          st_swamp_ruins_3, uniq_roxanne
Swamp:4:  swamp_basic_johnstein, layout_basic_swamp, swamp_pool1,
          nicolae_swamp_soggy_hallways
Snake:1:  layout_gridlike, uniq_donald, uniq_aizul, uniq_asterion
Snake:2:  layout_rooms, nicolae_elevator_lobby_asterisk
Snake:3:  layout_misc_corridors, grunt_megastairs_1, uniq_mara
Snake:4:  snake_pit_salamanders_mu, layout_chambers, serial_shops,
          nicolae_shop_overgrown_old_shop
Orc:1:    layout_diamond_mine, basic_altar
Orc:2:    grunt_orc_tribal_feast, layout_diamond_mine
Elf:1:    elf_arrival_002, layout_loops_corners,
          hangedman_elven_crosses_minicolossus
Elf:2:    elven_hall_of_blades_hangedman_original
          [infiniplex_blade_entry_pillars], layout_loops_corners,
          grunt_ministairs_8, uniq_zenata, uniq_azrael

Skill      XL: |  1  2  3  4  5  6  7  8  9 10 11 12 13 14 15 16 17 18 |
---------------+-------------------------------------------------------+-----
Axes           | 2 3 4 5 6 7 9 10 11 12 14 15 | 15.8
Shields        | 3 4 5 6 7 8 10 11 12 13 | 13.1
Armour         | 3 4 5 6 7 8 10 11 12 13 14 | 14.9
Invocations    | 1 2 3 5 6 8 9 10 11 12 13 14 15 16 | 16.4
Fighting       | 4 5 6 8 9 10 12 13 14 15 16 17 18 | 18.2
Dodging        | 1 2 3 4 5 6 7 8 9 10 11 | 11.8
Staves         | 1 2 |  2.5

Action                     |  1- 3 |  4- 6 |  7- 9 | 10-12 | 13-15 | 16-18 || total
---------------------------+-------+-------+-------+-------+-------+-------++-------
  Melee: War axe           |    81 |    13 |   256 |       |       |       ||   350
         Kick              |    11 |       |    23 |    86 |   248 |   356 ||   724
         Quarterstaff      |       |    37 |    23 |       |       |       ||    60
         Punch             |       |       |     1 |       |     4 |     3 ||     8
         Battleaxe         |       |       |    40 |   275 |   510 |    64 ||   889
         Trident           |       |       |       |     7 |    60 |   423 ||   490
         Hand axe          |       |       |       |       |       |   395 ||   395
   Fire: Shortbow          |       |       |       |     7 |       |       ||     7
  Throw: Dart              |       |       |     9 |     9 |    29 |     5 ||    52
 Invoke: Upheaval          |       |       |       |       |     2 |       ||     2
         Elemental Force   |       |       |       |       |     1 |     8 ||     9
         Disaster Area     |       |       |       |       |       |     1 ||     1
    Use: Potion            |       |       |     2 |       |     2 |     5 ||     9
         Scroll            |       |       |    13 |    16 |     6 |    10 ||    45
   Stab: Distracted        |       |       |       |       |     7 |       ||     7
         Paralysed         |       |       |       |       |       |     4 ||     4
 Armour: Scale mail        |    42 |    12 |   101 |       |       |       ||   155
         Leather armour    |       |       |    19 |    72 |     2 |       ||    93
         Plate armour      |       |       |       |       |   336 |   269 ||   605
  Dodge: Dodged            |    38 |    16 |   169 |   145 |   197 |   165 ||   730
         Repelled          |       |       |       |     3 |    10 |    24 ||    37
  Block: Buckler           |    23 |     7 |   136 |       |       |       ||   166
         Other             |       |    17 |   131 |   175 |   451 |   135 ||   909
         Tower shield      |       |       |       |       |       |   257 ||   257
         Kite shield       |       |       |       |       |       |   579 ||   579
